 Dungeon Crawl Stone Soup version 0.29-a0-653-gd47aff6735 (webtiles) character file.

Game seed: 8171171358152872002

5326 vineage the Fighter (level 10, 0/80 (83) HPs)
             Began as a Demonspawn Gladiator on June 21, 2022.
             Killed by an exploding wight (19 damage)
             ... ignited by their inner flame
             ... on level 9 of the Dungeon.
             The game lasted 00:19:52 (9090 turns).

vineage the Fighter (Demonspawn Gladiator)          Turns: 9090, Time: 00:19:53

HP:   0/80 (83)     AC: 23    Str: 28    XL:     10   Next: 38%
MP:   10/10         EV:  9    Int: 10    God:
Gold: 77            SH: 19    Dex: 17    Spells: 9/9 levels left

rFire   . . .      SeeInvis +   g - +3 mace (protect)
rCold   + + .      Faith    .   j - +3 tower shield
rNeg    . . .      Spirit   .   s - +2 plate armour {Will+}
rPois   .          Reflect  .   (helmet restricted)
rElec   .          Harm     .   h - +0 cloak
rCorr   .          Rampage  .   (no gloves)
Will    ++...                   (no boots)
Stlth   ..........              (no amulet)
HPRegen 0.23/turn               p - ring "Ymulis" {rC++ Will+ Str+6}
MPRegen 0.24/turn               x - +6 ring of strength

@: mighty, under a protective aura, hasted, lightly drained, repel missiles,
very quick
A: horns 2, repulsion field 3, icemail 1, magic regeneration, condensation
shield, see invisible
a: no special abilities


You were on level 9 of the Dungeon.
You visited 2 branches of the dungeon, and saw 10 of its levels.
You visited the Abyss 1 time.
You also visited: Sewer.

You collected 1357 gold pieces.
You spent 1280 gold pieces at shops.

Inventory:

Hand Weapons
 a - a +0 flail of freezing
 g - a +3 mace of protection (weapon)
Missiles
 d - 4 throwing nets (quivered)
 w - 3 javelins
Armour
 h - a +0 cloak (worn)
 j - a +3 tower shield (worn)
 s - a +2 plate armour of willpower (worn)
Jewellery
 p - the ring "Ymulis" (left hand) {rC++ Will+ Str+6}
   (You found it on level 4 of the Dungeon)

   [ring of strength]

   Str:       It affects your strength (+6).
   rC:        It greatly protects you from cold.
   Will:      It increases your willpower.
 x - a +6 ring of strength (right hand)
 B - a +6 ring of strength
Wands
 k - a wand of mindburst (10)
 m - a wand of iceblast (10)
Scrolls
 f - a scroll of brand weapon
 i - 3 scrolls of magic mapping
 n - 2 scrolls of silence
 o - 2 scrolls of amnesia
 v - a scroll of enchant armour
 y - a scroll of fear
Potions
 b - a potion of cancellation
 c - 2 potions of curing
 e - 6 potions of brilliance
 t - 2 potions of flight
 u - 2 potions of lignification


   Skills:
 + Level 9.5 Fighting
 * Level 4.7 Maces & Flails
 - Level 1.7 Throwing
 - Level 7.5 Armour
 - Level 2.6 Dodging
 - Level 7.5 Shields


You had 9 spell levels left.
You didn't know any spells.
Your spell library contained the following spells:

 Spells                   Type           Power      Damage    Failure   Level
 Beastly Appendage        Tmut           0%         N/A       100%        1
 Scorch                   Fire           0%         2d5       100%        2
 Wereblood                Tmut           0%         N/A       100%        2
 Ignite Poison            Fire/Tmut/Pois 0%         N/A       100%        3
 Mephitic Cloud           Conj/Pois/Air  0%         N/A       100%        3
 Portal Projectile        Hex/Tloc       0%         N/A       100%        3
 Spider Form              Tmut/Pois      0%         N/A       100%        3
 Tukima's Dance           Hex            0%         N/A       100%        3
 Flame Wave               Conj/Fire      0%         2d4       100%        4
 Blade Hands              Tmut           0%         N/A       100%        5
 Freezing Cloud           Conj/Ice/Air   0%         6-21      100%        5
 Summon Cactus Giant      Summ           0%         N/A       100%        6


Dungeon Overview and Level Annotations

Branches:
Dungeon (9/15)             Temple (1/1) D:5           Sewer (visited)
   Lair: D:8-11         Orc: D:9-12

Altars:
Ashenzari
Cheibriados
Fedhas
Gozag
Kikubaaqudgha
Makhleb
Nemelex Xobeh
Qazlal
Ru
Sif Muna
Trog
Uskayaw
Vehumet
Wu Jian
Xom
Yredelemnul
Zin
The Shining One
Lugonu

Shops:
D:2 (   D:6 [   D:8 =

Annotations:
D:7 2 transporters


Innate Abilities, Weirdness & Mutations

You have a pair of horns on your head.
You are surrounded by a strong repulsion field. (EV +4, RMsl)
A meltable icy envelope protects you from harm. (AC +0)
You regenerate magic rapidly.
A meltable shield of frost defends you. (SH +0)
You have supernaturally acute eyesight. (SInv)


Message History

A wight is wielding a +0 halberd and carrying a wand of flame (10).
Found a scroll of identify and a robe.
You block the wight's attack. x3
The wight hits you with a +0 long sword.
* * * LOW HITPOINT WARNING * * *
The wight hits you but does no damage.
Okay, then.
You feel much better. You block the wight's attack.
The wight hits you but does no damage. x2; You block the wight's attack.
The wight attacks as you move away! You block the wight's attack.
The wight attacks as you move away! You block the wight's attack.
You block the wight's attack.
The wight hits you from afar with a +0 halberd.
You feel drained.
You can't see any enemies this would affect, really read the scroll of fear?
Okay, then.
As you read the scroll labelled HUSHOVI NEZOIR, it crumbles to dust.
The creatures around you are filled with an inner flame!
It was a scroll of immolation.
You block the wight's attack. x4
The wight barely misses you.
You feel yourself speed up. You block the wight's attack. x2
The wight hits you with a +3 short sword.
You feel drained. You block the wight's attack. x2
You feel better.
You feel very mighty all of a sudden.
You block the wight's attack. x3; The wight hits you but does no damage. x2
You thump the wight!
Flame seeps out of the wight.
Your weapon exudes an aura of protection.
Flame seeps out of the wight.
You headbutt the wight!
The wight is almost destroyed.
The wight hits you but does no damage. You block the wight's attack.
The wight barely misses you.
The wight is engulfed in blazing flames.
The wight explodes!
The fiery explosion engulfs you!!
Your icy defenses dissipate!
* * * LOW HITPOINT WARNING * * *
The fiery explosion engulfs the wight!!
The wight explodes!
The fiery explosion engulfs the wight!!
The fiery explosion engulfs you!!
You die...

.......####
#.........#
#.........#
#.........
#.......# #..
#.......# .#
#§.z....# ##
..#####§§.....#
.....§○@z.....#
.....§###......#
..... #......#
.... #......#
... #.....?# .#
########


You could see 2 wights.

Vanquished Creatures
  A thrashing horror (Abyss:1)
  Maggie (D:7)
  A wyvern (D:9)
  A ynoxinul (Abyss:1)
  A neqoxec (Abyss:1)
  A steam dragon (D:6)
  A small abomination (Abyss:1)
  An acid dragon (D:8)
  2 water moccasins
  Duvessa (D:6)
  3 sky beasts
  A black bear (D:8)
  2 ogres
  A centaur (D:6)
  2 phantoms (D:5)
  A gnoll sergeant (D:5)
  8 kobold brigands
  7 bullfrogs
  3 necrophages
  A scorpion (D:6)
  3 wights (D:9)
  Dowan (D:6)
  4 killer bees (D:7)
  2 howler monkeys
  A quasit (Abyss:1)
  A jelly (D:5)
  3 orc priests
  A gnoll shaman (D:6)
  2 hounds
  Jessica (D:3)
  5 iguanas
  6 orc wizards
  10 gnolls
  22 adders
  4 river rats (Sewer)
  A shadow imp (D:5)
  4 white imps
  3 ufetubi
  A worm (Sewer)
  2 dart slugs
  25 orcs
  6 endoplasms
  7 giant cockroaches
  6 goblins
  10 hobgoblins
  19 kobolds
  3 quokkas
  13 ball pythons
  3 bats
  A frilled lizard (D:2)
  9 rats
219 creatures vanquished.

Vanquished Creatures (others)
  4 starspawn tentacles (Abyss:1)
4 creatures vanquished.

Grand Total: 223 creatures vanquished

Notes
Turn   | Place    | Note
-------+----------+-------------------------------------------
     0 | D:1      | vineage the Demonspawn Gladiator began the quest for the
                  | Orb.
     0 | D:1      | Reached XP level 1. HP: 16/16 MP: 1/1
   215 | D:1      | Gained mutation: A meltable shield of frost defends you.
                  | (SH +0) [demonic ancestry]
   215 | D:1      | Reached XP level 2. HP: 22/23 MP: 2/2
   240 | D:1      | Reached skill level 3 in Fighting
   559 | D:1      | Gained mutation: You are surrounded by a mild repulsion
                  | field. (EV +2) [demonic ancestry]
   559 | D:1      | Reached XP level 3. HP: 28/29 MP: 3/3
   648 | D:2      | Found Wontojummu's Antique Weapon Emporium.
   721 | D:2      | Reached skill level 1 in Armour
   721 | D:2      | Reached skill level 1 in Shields
   909 | D:2      | Found a faded altar of an unknown god.
   970 | D:2      | Reached XP level 4. HP: 30/36 MP: 4/4
  1473 | D:3      | Noticed an ogre
  1483 | D:3      | Gained mutation: Your spells are a little easier to cast,
                  | but a little less powerful. [potion of mutation]
  1483 | D:3      | Gained mutation: You have a pair of small horns on your
                  | head. [potion of mutation]
  1483 | D:3      | Gained mutation: Your system is resistant to poisons.
                  | (rPois) [potion of mutation]
  1497 | D:3      | Killed an ogre
  1498 | D:3      | Reached skill level 4 in Fighting
  1498 | D:3      | Gained mutation: A meltable icy envelope protects you from
                  | harm. (AC +0) [demonic ancestry]
  1498 | D:3      | Reached XP level 5. HP: 9/42 MP: 5/5
  1826 | D:3      | Found a glowing drain.
  1830 | Sewer    | Entered a sewer
  1935 | Sewer    | Gained mutation: You regenerate magic rapidly. [demonic
                  | ancestry]
  1935 | Sewer    | Reached XP level 6. HP: 49/49 MP: 6/6
  2271 | Sewer    | Reached skill level 5 in Fighting
  2426 | Sewer    | Gained mutation: You are surrounded by a moderate repulsion
                  | field. (EV +3) [demonic ancestry]
  2426 | Sewer    | Reached XP level 7. HP: 34/56 MP: 7/7
  2781 | Sewer    | Lost mutation: Your system is resistant to poisons. (rPois)
                  | [potion of mutation]
  2781 | Sewer    | Lost mutation: Your spells are a little easier to cast, but
                  | a little less powerful. [potion of mutation]
  2781 | Sewer    | Gained mutation: Your spells are a little easier to cast,
                  | but a little less powerful. [potion of mutation]
  2781 | Sewer    | Gained mutation: You have supernaturally acute eyesight.
                  | (SInv) [potion of mutation]
  2781 | Sewer    | Lost mutation: Your spells are a little easier to cast, but
                  | a little less powerful. [potion of mutation]
  2781 | Sewer    | Gained mutation: You have a pair of horns on your head.
                  | [potion of mutation]
  3250 | D:3      | Noticed Jessica
  3271 | D:3      | Killed Jessica
  4187 | D:4      | Reached skill level 6 in Fighting
  4197 | D:4      | Identified the ring "Ymulis" {rC++ Will+ Str+6}
  4275 | D:4      | Identified a scroll of acquirement
  4275 | D:4      | Acquired 933 gold pieces
  4322 | D:5      | Entered Level 5 of the Dungeon
  4350 | D:5      | Gained mutation: You are surrounded by a strong repulsion
                  | field. (EV +4, RMsl) [demonic ancestry]
  4350 | D:5      | Reached XP level 8. HP: 64/64 MP: 8/8
  4729 | D:5      | Reached skill level 5 in Armour
  5014 | D:6      | Reached skill level 5 in Shields
  5047 | D:5      | Found a staircase to the Ecumenical Temple.
  5113 | Temple   | Entered the Ecumenical Temple
  5571 | D:6      | Reached skill level 7 in Fighting
  5701 | D:6      | Identified the +5 dagger of Hasmyaci {chaos, Str+2}
  5990 | D:6      | Found Xol Yme's Armour Emporium.
  6046 | D:6      | Mutation became permanent: You have a pair of small horns
                  | on your head. [demonic ancestry]
  6046 | D:6      | Gained mutation: You have a pair of horns on your head.
                  | [demonic ancestry]
  6046 | D:6      | Reached XP level 9. HP: 72/72 MP: 9/9
  6073 | D:6      | Bought a +2 plate armour of willpower for 520 gold pieces
  6088 | D:6      | Noticed Duvessa
  6088 | D:6      | Noticed Dowan
  6114 | D:6      | Killed Duvessa
  6130 | D:6      | Killed Dowan
  6349 | D:6      | Found a bloodstained altar of Trog.
  6513 | D:7      | Found an ornate altar of the Wu Jian Council.
  6901 | D:7      | Found a snail-covered altar of Cheibriados.
  6923 | D:7      | Found a transporter.
  6923 | D:7      | Noticed Maggie
  6930 | D:7      | Cast into level 1 of the Abyss (Maggie)
  6989 | Abyss:1  | Reached skill level 8 in Fighting
  7007 | Abyss:1  | Noticed a thrashing horror
  7062 | Abyss:1  | Killed a thrashing horror
  7068 | Abyss:1  | Noticed a thrashing horror
  7070 | Abyss:1  | Noticed a smoke demon
  7105 | Abyss:1  | Noticed a sixfirhy
  7168 | Abyss:1  | Noticed a large abomination
  7209 | Abyss:1  | Noticed an ice devil
  7270 | Abyss:1  | Noticed a tentacled starspawn
  7284 | Abyss:1  | Noticed an ancient zyme
  7323 | D:7      | Escaped the Abyss
  7331 | D:7      | Killed Maggie
  7333 | D:7      | Reached XP level 10. HP: 51/82 MP: 10/10
  7485 | D:7      | Noticed a red ugly thing
  7485 | D:7      | Noticed a brown ugly thing
  7487 | D:7      | Noticed a green ugly thing
  7488 | D:7      | Found a corrupted altar of Lugonu.
  7667 | D:7      | Found a transporter.
  7965 | D:8      | Reached skill level 9 in Fighting
  8085 | D:8      | Found Peump's Jewellery Shop.
  8093 | D:8      | Bought a +6 ring of strength for 760 gold pieces
  8194 | D:8      | Identified the +1 leather armour of the Constellations {rF+
                  | Regen+ MP+9 Str-2}
  9090 | D:9      | Killed by an exploding wight... ignited by their inner
                  | flame

Illustrated notes

Levels and vault maps discovered:
D:1:      psy_arrival_spokes, layout_basic, minivault_23
D:2:      layout_rooms, shapermc_ecumenical_altar_notcrosses, serial_shops,
          nicolae_diamond_shop
D:3:      layout_basic, nicolae_overflow_hidden_temple, gup_sewer_entry_spiral,
          uniq_jessica
D:4:      layout_basic, small_statue_intersection
D:5:      kennysheep_spiral_hall, layout_cave_pools, temple_pool_b
D:6:      nicolae_cairo_tiling, layout_basic, kennysheep_mini, serial_shops,
          nicolae_square_shop, uniq_duvessa
D:7:      gammafunk_corrupted_shrine, layout_loops_cross,
          kennysheep_slug_shrine, mainiacjoe_overflow_chevrons, uniq_maggie
D:8:      layout_loops_cross, minmay_shop_enchanted_jewellery,
          minmay_starry_boxes
D:9:      layout_irregular_city, nzn_hepliaklqana_mist_gate,
          nicolae_dithmenos_shadow_blocks
Temple:   eino_wide_crystal_templ

Skill      XL: |  1  2  3  4  5  6  7  8  9 10 |
---------------+-------------------------------+-----
Fighting       | 3 4 5 6 7 8 9 |  9.5
Armour         | 1 2 3 4 5 7 |  7.5
Shields        | 1 2 3 4 5 7 |  7.5
Maces & Flails | 4 |  4.7
Throwing       | |  1.7
Dodging        | |  2.6

Action                   |  1- 3 |  4- 6 |  7- 9 | 10-12 || total
-------------------------+-------+-------+-------+-------++-------
Melee: Mace              |   102 |   169 |   433 |   179 ||   883
       Flail             |     8 |       |       |       ||     8
       Headbutt          |       |    17 |    94 |    47 ||   158
  Use: Scroll            |       |     5 |    14 |     4 ||    23
       Potion            |       |     4 |     7 |     4 ||    15
 Stab: Invisible         |       |     2 |       |       ||     2
       Sleeping          |       |     1 |     1 |       ||     2
Armor: Leather armour    |    39 |    35 |    72 |       ||   146
       Plate armour      |       |       |   106 |    81 ||   187
Dodge: Dodged            |    53 |    55 |   160 |    38 ||   306
       Repelled          |       |       |     7 |       ||     7
Block: Tower shield      |    87 |   175 |   660 |   293 ||  1215

Table legend: (Time is in decaauts)
 A = Elapsed time spent in this place.
 B = Non-inter-level travel time spent in this place.
 C = Inter-level travel time spent in this place.
 D = Time resting spent in this place.
 E = Time spent auto-exploring this place.
 F = Levels seen in this place.
 G = Mean time per level.
                   A        B        C        D        E       F      G
               +--------+--------+--------+--------+--------+-----+--------+
         Total |   9804 |   9356 |    448 |    776 |   5947 |  12 |  817.0 |
       Dungeon |   8126 |   7690 |    436 |    776 |   5077 |   9 |  902.9 |
        Temple |     54 |     42 |     12 |      0 |     29 |   1 |   54.0 |
         Abyss |    406 |    406 |      0 |      0 |      0 |   1 |  406.0 |
         Sewer |   1217 |   1217 |      0 |      0 |    841 |   1 | 1217.0 |
               +--------+--------+--------+--------+--------+-----+--------+

Top non-repeatable levels by time:
     D:6: 1348 daAuts
     D:3: 1257 daAuts
   Sewer: 1217 daAuts
     D:8: 1122 daAuts
     D:7: 1090 daAuts
     D:5: 893 daAuts
     D:4: 875 daAuts
     D:2: 763 daAuts
     D:1: 671 daAuts
 Abyss:1: 406 daAuts
     D:9: 103 daAuts
  Temple: 54 daAuts
